 Dungeon Crawl Stone Soup version 0.29-a0-275-g389c0b56f3 (webtiles) character file.

Game seed: 11080215613895189381

108 spaghetti the Sneak (level 4, -1/24 HPs)
             Began as a Vine Stalker Chaos Knight on Mar 10, 2022.
             Was a Plaything of Xom.
             Slain by Menkaure (16 damage)
             ... on level 4 of the Dungeon.
             The game lasted 00:05:25 (3294 turns).

spaghetti the Sneak (Vine Stalker Chaos Knight)     Turns: 3294, Time: 00:05:26

Health: -1/24      AC:  8    Str: 12    XL:     4   Next: 87%
Magic:  0/5        EV: 11    Int: 12    God:    Xom [*.....]
Gold:   133        SH:  0    Dex: 14    Spells: 3/3 levels left

rFire   . . .      SeeInvis .   m - +0 short sword (speed) {short}
rCold   . . .      Faith    .   (no shield)
rNeg    . . .      Spirit   +   a - +2 leather armour
rPois   .          Reflect  .   n - +0 helmet
rElec   .          Harm     .   f - scarf {+Inv}
rCorr   .          Rampage  .   b - +1 pair of gloves
Will    .....                   (no boots)
Stlth   ++........              g - amulet of regeneration {@e2}
HPRegen 1.68/turn               (no ring)
MPRegen 0.09/turn               (no ring)

@: no status effects
A: fangs 2, regeneration 1, magic shield, antimagic bite, no potion heal 2,
clumsy 1, weak 1
a: Renounce Religion, Evoke Invisibility


You were on level 4 of the Dungeon.
You worshipped Xom.
You were a special plaything of Xom.
You visited 1 branch of the dungeon, and saw 4 of its levels.

You collected 133 gold pieces.


Innate Abilities, Weirdness & Mutations

You have extremely sharp teeth.
Your natural rate of healing is unusually fast.
When hurt, damage is shared between your health and your magic reserves.
Your bite disrupts and absorbs the magic of your enemies.
Potions cannot restore your health.
You are clumsy. (Dex -2)
You are weak. (Str -2)


   Skills:
 - Level 3.0 Fighting
 - Level 1.5 Armour
 - Level 0.7 Dodging
 + Level 3.4 Stealth
 - Level 3.2 Unarmed Combat
 + Level 2.3 Evocations


You had 3 spell levels left.
You didn't know any spells.
Your spell library contained the following spells:

 Spells                   Type           Power      Damage    Failure   Level
 Leda's Liquefaction      Hex/Erth       0%         N/A       99%         4
 Lee's Rapid Deconstruct  Erth           0%         3d5*      100%        5
 Statue Form              Tmut/Erth      0%         N/A       100%        6

Inventory:

Hand Weapons
 c - a +2 short sword of electrocution {short}
   (You took it off a kobold on level 1 of the Dungeon)
 m - a +0 short sword of speed (weapon) {short}
   (You found it on level 1 of the Dungeon)
Missiles
 d - 91 stones (quivered) {throwing}
Armour
 a - a +2 leather armour (worn)
 b - a +1 pair of gloves (worn)
   (You found it on level 1 of the Dungeon)
 f - a scarf of invisibility (worn)
   (You found it on level 1 of the Dungeon)
 n - a +0 helmet (worn)
   (You found it on level 3 of the Dungeon)
Jewellery
 g - an amulet of regeneration (around neck) {@e2}
   (You found it on level 2 of the Dungeon)
Scrolls
 e - 3 scrolls of identify {@r1}
 h - 2 scrolls of magic mapping {!r}
 i - 2 scrolls of teleportation {@r4}
 l - a scroll of immolation {!r!r}
 o - a scroll of noise {!r}
Potions
 j - a potion of curing {@q1}
 k - 2 potions of brilliance

Dungeon Overview and Level Annotations

Branches:
Dungeon (4/15)
 Temple: D:4-7

Altars:
Cheibriados
Dithmenos
Wu Jian

Shops:
D:3 [

Annotations:
D:4 Menkaure

# .# ###.###.#
####.......#
#...@......#
.......M.......
####.##.(......
# #........
#.......?
#........
####.#..# .#..#


You could see Menkaure (magic disrupted).


Message History

The shadow imp falters for a moment.
You barely miss the shadow imp. Your bite misses the shadow imp.
The shadow imp closely misses you.
You closely miss the shadow imp. The shadow imp barely misses you.
You closely miss the shadow imp.
You bite the shadow imp, but do no damage. 😎 MP[+1]
You hit the shadow imp. The shadow imp misses you.
You hit the shadow imp but do no damage.
Your bite misses the shadow imp.
The shadow imp grinds its teeth.
The shadow imp hits you but does no damage.
You hit the shadow imp.
You kill the shadow imp!
The shadow imp disappears in a puff of smoke!
No target in view!
No target in view!
No target in view!
No target in view!
No target in view!
No target in view!
No target in view!
No target in view!
No target in view!
No target in view!
No target in view!
No target in view!
No target in view!
No target in view!
d - 72 stones {throwing} (gained 1)
You see here a +0 ring mail.
Key pressed, stopping explore.
Key pressed, stopping explore.
There is a stone staircase leading down here.
Xom's power brushes against you for a moment.
Your body is suffused with distortional energy.
You feel weaker.
You feel clumsy. 😎 MP[+1]
Your mp is fully restored (5).
Unknown command.
Unknown command.
You now have 119 gold pieces (gained 12).
d - 92 stones {throwing} (gained 20)
You now have 133 gold pieces (gained 14).
Key pressed, stopping explore.
You see here a +0 long sword {long}.
Found a stone staircase leading down.
There is a stone staircase leading up here.
Found a snail-covered altar of Cheibriados.
As you open the door, it creaks loudly!
Found an ornate altar of the Wu Jian Council.
Okay, then.
(D) Dungeon
Where to? (Enter - D:3, ? - help)
There is a stone staircase leading down here.
You climb downwards.
Menkaure shouts!
There is a stone staircase leading up here.
There are monsters nearby!
Unknown command.
The kobold shouts!
Menkaure casts a spell.
Menkaure seems to speed up.
The kobold hits you but does no damage.
You climb upwards.
There is a stone staircase leading down here.
You hit the kobold.
You kill the kobold!
No target in view!
No target in view!
No target in view!
You start waiting.
Done waiting.
You climb downwards.
Level annotation: Menkaure
There is a stone staircase leading up here.
You throw a stone {throwing}.
The stone {throwing} hits Menkaure but does no damage.
You hit Menkaure. Your punch misses Menkaure.
Menkaure hits you but does no damage.
You hit Menkaure. You bite Menkaure, but do no damage.
You barely miss Menkaure. You bite Menkaure, but do no damage.
Menkaure calls on the powers of darkness!
Your body is wracked with pain! 😮 HP[-10] MP[-1]
You take 10 damage, and now have 14/24 hp.
MASSIVE DAMAGE!! (PAUSE)
You lost 1 mp, and now have 4/5 mp.
You hit Menkaure. 😮 HP[+1]
You barely miss Menkaure. Your bite misses Menkaure.
Menkaure points at you and mumbles some strange words.
Pain shoots through your body! 😮 HP[-1] MP[-1]
You take 1 damage, and now have 14/24 hp.
You lost 1 mp, and now have 3/5 mp.
You hit Menkaure. You bite Menkaure.
Menkaure's magic leaks into the air.
You drain his magic.
You feel invigorated. Menkaure hits you!!
Ouch! That really hurt!
You die...
Xom chortles!

Skill      XL: |  1  2  3  4 |
---------------+-------------+-----
Fighting       | 3 |  3.0
Stealth        | 1 2 3 |  3.4
Evocations     | 1 2 |  2.3
Armour         | |  1.5
Dodging        | |  0.7
Unarmed Combat | |  3.2

Action                   |  1- 3 |  4- 6 || total
-------------------------+-------+-------++-------
Melee: Unarmed           |    10 |       ||    10
       Short sword       |   118 |    99 ||   217
       Bite              |    33 |    31 ||    64
       Punch             |     2 |     2 ||     4
Throw: Stone             |       |     2 ||     2
Evoke: Piece from Xom's  |     2 |       ||     2
  Use: Scroll            |     9 |     1 ||    10
 Stab: Sleeping          |     2 |     1 ||     3
       Paralysed         |       |     1 ||     1
Armor: Leather armour    |    41 |    41 ||    82
Dodge: Dodged            |    54 |    49 ||   103

Levels and vault maps discovered:
D:1:      saegor_arrival_simple_a, layout_basic
D:2:      wander_river, layout_basic, uniq_robin
D:3:      layout_rooms, nicolae_wu_jian_immortal_techniques,
          grunt_dithmenos_smoke, mainiacjoe_overflow_alcove_2, serial_shops,
          nicolae_shop_trees
D:4:      layout_loops_ring, lemuel_doored_altar, uniq_menkaure, uniq_edmund,
          uniq_ijyb

Notes
Turn   | Place    | Note
-------+----------+-------------------------------------------
     0 | D:1      | spaghetti the Vine Stalker Chaos Knight began the quest for
                  | the Orb.
     0 | D:1      | Reached XP level 1. HP: 11/11 MP: 2/2
     0 | D:1      | magus.rc [v1.9.6]
   375 | D:1      | Reached XP level 2. HP: 16/16 MP: 3/3
   414 | D:1      | Reached skill level 3 in Fighting
   560 | D:1      | You pick up a book of the Earth and begin reading...
   560 | D:1      | You add the spells Leda's Liquefaction, Lee's Rapid
                  | Deconstruction and Statue Form to your library.
  1174 | D:1      | XOM: noise
  1207 | D:1      | XOM: butterfly on damage
  1228 | D:2      | Reached skill level 1 in Stealth
  1233 | D:2      | HP: 3/13 [jackal (1)]
  1296 | D:2      | XOM: silly message
  1511 | D:1      | XOM: silly message
  1585 | D:2      | XOM: cloud trail
  1737 | D:2      | Reached skill level 1 in Evocations
  1737 | D:2      | Reached XP level 3. HP: 16/20 MP: 4/4
  1844 | D:2      | XOM: 7-stop teleportation journey
  2037 | D:2      | Reached skill level 2 in Stealth
  2091 | D:2      | XOM is BORED!
  2142 | D:2      | XOM: divination: magic mapping
  2144 | D:2      | XOM: 1-stop teleportation journey
  2315 | D:3      | Found a shadowy altar of Dithmenos.
  2334 | D:2      | Gained mutation: Your natural rate of healing is unusually
                  | fast. [Vine Stalker growth]
  2334 | D:2      | Reached XP level 4. HP: 24/24 MP: 5/5
  2342 | D:2      | Noticed Robin
  2346 | D:2      | XOM: enchant monster (good)
  2353 | D:2      | Noticed Robin
  2353 | D:2      | Robin changed into Robin the quokka
  2353 | D:2      | XOM: polymorph Robin -> Robin the quokka
  2355 | D:2      | Killed Robin the quokka
  2707 | D:3      | Reached skill level 2 in Evocations
  2716 | D:3      | Reached skill level 3 in Stealth
  2754 | D:3      | Found Zoco's Antique Armour Boutique.
  2974 | D:3      | XOM: summons 3 hostile demons
  3075 | D:3      | XOM: give mutations
  3075 | D:3      | Gained mutation: You are weak. (Str -2) [Xom's mischief]
  3075 | D:3      | Gained mutation: You are clumsy. (Dex -2) [Xom's mischief]
  3145 | D:3      | Found a snail-covered altar of Cheibriados.
  3163 | D:3      | Found an ornate altar of the Wu Jian Council.
  3180 | D:4      | Noticed Menkaure
  3294 | D:4      | Slain by Menkaure

Vanquished Creatures
  3 adders
  4 worms (D:2)
  A dart slug (D:1)
  4 orcs (D:3)
  8 endoplasms
  A giant cockroach (D:3)
  10 goblins
  8 hobgoblins
  2 jackals (D:2)
  2 quokkas
  A ball python (D:2)
  4 bats
  A frilled lizard (D:3)
  4 kobolds
  6 rats
59 creatures vanquished.

Table legend:
 A = Non-vault XP
 B = Vault XP
 C = Vault XP percentage of total XP
 D = Non-vault monster count
 E = Vault monster count
 F = Vault count percentage of total count
                 A         B        C        D         E       F
            +---------+---------+-------+---------+---------+-------
      Total |     133 |      22 |  14.2 |      48 |      11 |  18.6
            +---------+---------+-------+---------+---------+-------
        D:1 |      25 |       0 |   0.0 |      14 |       0 |   0.0
        D:2 |      51 |      16 |  23.9 |      16 |       8 |  33.3
        D:3 |      57 |       6 |   9.5 |      18 |       3 |  14.3
            +---------+---------+-------+---------+---------+-------

Illustrated notes

Table legend:
 A = Kills in this place as a percentage of kills in entire the game.
 B = Kills by you in this place as a percentage of kills by you in the entire game.
 C = Kills by friends in this place as a percentage of kills by friends in the entire game.
 D = Other kills in this place as a percentage of other kills in the entire game.
 E = Experience gained in this place as a percentage of experience gained in the entire game.
 F = Experience gained in this place divided by the number of levels of this place that you have seen.
                   A       B       C       D       E      F
               +-------+-------+-------+-------+-------+----------------------
         Total | 100.0 | 100.0 |   N/A |   N/A | 100.0 |  38.8
       Dungeon | 100.0 | 100.0 |   N/A |   N/A | 100.0 |  38.8
               +-------+-------+-------+-------+-------+----------------------

Table legend: (Time is in decaauts)
 A = Elapsed time spent in this place.
 B = Non-inter-level travel time spent in this place.
 C = Inter-level travel time spent in this place.
 D = Time resting spent in this place.
 E = Time spent auto-exploring this place.
 F = Levels seen in this place.
 G = Mean time per level.
                   A        B        C        D        E       F      G
               +--------+--------+--------+--------+--------+-----+--------+
         Total |   3260 |   3136 |    124 |    580 |   2037 |   4 |  815.0 |
       Dungeon |   3260 |   3136 |    124 |    580 |   2037 |   4 |  815.0 |
               +--------+--------+--------+--------+--------+-----+--------+

Top non-repeatable levels by time:
     D:2: 1356 daAuts
     D:1: 1314 daAuts
     D:3: 579 daAuts
     D:4: 9 daAuts
